 Dungeon Crawl Stone Soup version 0.18-a0-1778-gadce9fa (webtiles) character file.

1628 Chiseanne the Blocker (level 8, -2/60 HPs)
             Began as a Demonspawn Monk on Apr 16, 2016.
             Was an Initiate of Gozag.
             Slain by a four-headed hydra (9 damage)
             ... on level 7 of the Dungeon.
             The game lasted 00:14:47 (5827 turns).

Chiseanne the Blocker (Demonspawn Monk)             Turns: 5827, Time: 00:14:48

Health: -2/60      AC: 13    Str: 14    XL:     8   Next: 65%
Magic:  0/8        EV: 14    Int: 12    God:    Gozag
Gold:   759        SH:  6    Dex: 15    Spells: 0 memorised, 7 levels left

rFire  + . .     SeeInvis .     s - +2 short sword (venom)
rCold  + . .     Gourm    .     m - +0 ring mail
rNeg   . . .     Faith    .     e - +0 buckler
rPois  .         Spirit   +     w - +0 helmet
rElec  .         Dismiss  .     l - +0 cloak
rCorr  .         Reflect  .     (no gloves)
SustAt .         Harm     .     (no boots)
MR     .....                    p - amulet of guardian spirit
Stlth  +.........               G - ring of protection from cold
                                g - +2 ring of evasion

@: not resistant to hostile enchantments, very unstealthy
A: iridescent scales 2, fire resistance 1, spiny 1
a: Potion Petition, Call Merchant, Bribe Branch, Renounce Religion


You were on level 7 of the Dungeon.
You worshipped Gozag.
Gozag was noncommittal.
You were not hungry.

You visited 2 branches of the dungeon, and saw 8 of its levels.

You collected 1449 gold pieces.
You spent 192 gold pieces at shops.
You paid 498 gold pieces to Gozag.

Inventory:

Hand Weapons
 a - a +2 scimitar of freezing
 s - a +2 short sword of venom (weapon)
Missiles
 c - 40 bolts
 i - 40 sling bullets
 u - 12 bolts of flame
 v - 5 tomahawks (quivered)
 y - 9 poisoned needles
 B - a throwing net
 C - 15 javelins
Armour
 e - a +0 buckler (worn)
 l - a +0 cloak (worn)
 m - a +0 ring mail (worn)
 w - a +0 helmet (worn)
Jewellery
 g - a +2 ring of evasion (left hand)
 h - an uncursed ring of flight
 k - an uncursed ring of ice
 p - an amulet of guardian spirit (around neck)
 G - a ring of protection from cold (right hand)
Wands
 j - a wand of hasting (3/9)
 z - a wand of slowing (26/48)
 E - a wand of iceblast (6/15)
Scrolls
 f - a scroll of blinking
 A - 2 scrolls of remove curse
 K - a scroll of teleportation
Potions
 q - 2 potions of flight
 t - a potion of heal wounds
 x - 5 potions of curing
 H - a potion of haste
 I - a potion of brilliance
Books
 r - a book of Maledictions

   Spells                             Type                      Level
   a - Corona                         Hexes                        1
   b - Ensorcelled Hibernation        Hexes/Ice                    2
   c - Confuse                        Hexes                        3
   d - Tukima's Dance                 Hexes                        3
   e - Dazzling Spray                 Conjuration/Hexes            3
 D - a book of Clouds

   Spells                             Type                      Level
   a - Mephitic Cloud                 Conjuration/Poison/Air       3
   b - Conjure Flame                  Conjuration/Fire             3
   c - Poisonous Cloud                Conjuration/Poison/Air       6
   d - Freezing Cloud                 Conjuration/Ice/Air          6
   e - Ring of Flames                 Charms/Fire                  7
Comestibles
 b - 3 bread rations
 o - 3 meat rations


   Skills:
 * Level 4.0 Fighting
 * Level 0.8 Armour
 * Level 3.4 Dodging
 - Level 1.7 Stealth
 - Level 9.4 Shields
 - Level 3.6 Unarmed Combat


You had 7 spell levels left.
You didn't know any spells.

Dungeon Overview and Level Annotations

Branches:
Dungeon (7/15)             Temple (1/1) D:5

Altars:
Ashenzari
Cheibriados
Dithmenos
Elyvilon
Fedhas
Gozag
Kikubaaqudgha
Makhleb
Nemelex Xobeh
Okawaru
Pakellas
Qazlal
Ru
Sif Muna
Yredelemnul
Zin

Shops:
D:5 (   D:6 =   D:7 *


Innate Abilities, Weirdness & Mutations

You are mostly covered in iridescent scales (AC +6).
Your flesh is heat resistant.
You are partially covered in sharp spines.


Message History

The four-headed hydra misses you.
The four-headed hydra closely misses you.
The four-headed hydra bites you.
You puncture the four-headed hydra!
The four-headed hydra looks even sicker.
The four-headed hydra is moderately wounded.
The four-headed hydra bites you but does no damage.
The four-headed hydra misses you.
The four-headed hydra barely misses you.
The four-headed hydra bites you.
You hit the four-headed hydra.
The four-headed hydra is moderately wounded.
The four-headed hydra bites you!
* * * LOW HITPOINT WARNING * * *
The four-headed hydra bites you!
* * * LOW HITPOINT WARNING * * *
You block the four-headed hydra's attack.
The four-headed hydra bites you!
You die...
Your body crumbles into a pile of gold.

................##..##.......#
#...........#.##....####.....#
#####...#####.##.#...........#
#............=)###########
#...# ######.### .....# #.#
##..# #.# #.# #@# #..D....#
#.##........ # ####.###. .# #
$


You could see a four-headed hydra.

Vanquished Creatures
  A sky beast (D:6)
  An orc warrior (D:6)
  2 ice beasts
  A scorpion (D:6)
  5 wights (D:6)
  A crimson imp (D:6)
  A giant frog zombie (D:6)
  A jelly (D:7)
  5 orc priests
  5 hounds
  Jessica (D:3)
  Terence (D:2)
  Natasha (thrice) (D:3)
  An orc wizard (D:6)
  4 worker ants
  Robin (D:3)
  8 gnolls (D:6)
  8 adders
  2 shadow imps
  An ooze (D:2)
  2 adder skeletons
  2 worms (D:2)
  2 dart slugs
  4 giant geckos
  27 orcs
  12 bats
  5 giant cockroaches
  17 goblins
  15 hobgoblins
  4 jackals (D:1)
  2 quokkas (D:5)
  3 ball pythons
  A giant gecko skeleton (D:5)
  3 giant newts
  10 kobolds
  11 rats
173 creatures vanquished.

Notes
Turn   | Place    | Note
--------------------------------------------------------------
     0 | D:1      | Chiseanne the Demonspawn Monk began the quest for the Orb.
     0 | D:1      | Reached XP level 1. HP: 18/18 MP: 1/1
   353 | D:1      | Gained mutation: You are partially covered in iridescent scales (AC +4). [demonic ancestry]
   353 | D:1      | Reached XP level 2. HP: 18/24 MP: 2/2
   902 | D:1      | Gained mutation: You are mostly covered in iridescent scales (AC +6). [demonic ancestry]
   902 | D:1      | Reached XP level 3. HP: 30/30 MP: 3/3
  1345 | D:2      | Reached skill level 1 in Shields
  1457 | D:2      | Gained mutation: You are partially covered in sharp spines. [demonic ancestry]
  1457 | D:2      | Reached XP level 4. HP: 29/37 MP: 4/4
  1537 | D:2      | Reached skill level 2 in Shields
  1582 | D:2      | Noticed Terence
  1604 | D:2      | Killed Terence
  1802 | D:2      | Reached skill level 3 in Shields
  1816 | D:2      | Reached XP level 5. HP: 42/42 MP: 5/5
  1994 | D:3      | Reached skill level 4 in Shields
  2139 | D:3      | Found an opulent altar of Gozag.
  2153 | D:3      | Became a worshipper of Gozag Ym Sagoz the Greedy
  2324 | D:3      | Noticed Jessica
  2330 | D:3      | Killed Jessica
  2330 | D:3      | Reached XP level 6. HP: 42/48 MP: 6/6
  2504 | D:3      | Noticed Natasha
  2509 | D:3      | Killed Natasha
  2534 | D:3      | Reached skill level 5 in Shields
  2692 | D:3      | Noticed Natasha
  2699 | D:3      | Killed Natasha
  2719 | D:3      | Noticed Robin
  2729 | D:3      | Killed Robin
  3046 | D:3      | Noticed Natasha
  3052 | D:3      | Killed Natasha
  3383 | D:4      | Found a glowing silver altar of Zin.
  3453 | D:4      | Found a shattered altar of Ashenzari.
  3609 | D:5      | Entered Level 5 of the Dungeon
  3687 | D:5      | Found Telor's Weapon Shoppe.
  3752 | D:5      | Reached skill level 6 in Shields
  3752 | D:5      | Gained mutation: Your flesh is heat resistant. [demonic ancestry]
  3752 | D:5      | Reached XP level 7. HP: 51/53 MP: 7/7
  3760 | D:5      | Found a staircase to the Ecumenical Temple.
  3766 | Temple   | Entered the Ecumenical Temple
  4477 | D:6      | Reached skill level 7 in Shields
  4850 | D:6      | Reached XP level 8. HP: 60/60 MP: 8/8
  4856 | D:6      | Reached skill level 8 in Shields
  5398 | D:6      | Reached skill level 9 in Shields
  5749 | D:7      | Found an ancient bone altar of Kikubaaqudgha.
  5771 | D:7      | Found Wunaorphe's Assorted Antiques.
  5784 | D:7      | Bought a scroll labeled HYTHAESTROS for 32 gold pieces
  5784 | D:7      | Bought a scroll of teleportation for 96 gold pieces
  5784 | D:7      | Bought a scroll of identify for 64 gold pieces
  5819 | D:7      | Noticed a four-headed hydra
  5827 | D:7      | Slain by a four-headed hydra

Vault maps used:
D:1:      dpeg_arrival_leaves_temple_mockup, st_stairs_7
D:2:      uniq_terence
D:3:      lemuel_coloured_pillars_altar, uniq_robin, uniq_jessica, uniq_natasha
D:4:      kennysheep_mini_moat, lemuel_round_altar, first_bread
D:5:      minmay_temple_entry_hall, serial_shops, nicolae_shop_crystal
D:7:      kennysheep_mini, overflow_temple_1_default, serial_shops, shop
Temple:   water_room_temple_b_12

Skill      XL: |  1  2  3  4  5  6  7  8 |
---------------+-------------------------+-----
Dodging        | 3 |  3.4
Shields        | 1 3 4 6 7 9 |  9.4
Fighting       | 4 |  4.0
Armour         | |  0.8
Stealth        | |  1.7
Unarmed Combat | |  3.6

Action                   |  1- 3 |  4- 6 |  7- 9 || total
-------------------------+-------+-------+-------++-------
Melee: Unarmed           |   163 |    34 |       ||   197
       Short sword       |       |   147 |   161 ||   308
       Scimitar          |       |       |     9 ||     9
Invok: Call Merchant     |       |       |     1 ||     1
Evoke: Wand              |       |       |     4 ||     4
  Use: Scroll            |     4 |     6 |     8 ||    18
 Stab: Sleeping          |     5 |       |       ||     5
       Distracted        |       |     1 |     2 ||     3
  Eat: Chunk             |     2 |     3 |       ||     5
       Beef jerky        |       |     1 |     2 ||     3
       Bread ration      |       |     1 |     1 ||     2
Armor: Robe              |    25 |       |       ||    25
       Ring mail         |    24 |    54 |    47 ||   125
Dodge: Dodged            |   107 |    71 |    94 ||   272
Block: Buckler           |    13 |    43 |    46 ||   102
